 Dungeon Crawl Stone Soup version 0.17.0-27-g4a3f43e (console) character file.

100 gw the Insei (level 4, 0/42 HPs)
             Began as a Deep Dwarf Monk on Nov 22, 2015.
             Was a Believer of Yredelemnul.
             Slain by an orc priest
             ... wielding a +0 hand axe
              (6 damage)
             ... on level 3 of the Dungeon.
             The game lasted 00:02:57 (1813 turns).

gw the Insei (Deep Dwarf Monk)                      Turns: 1813, Time: 00:02:57

Health: 0/42       AC:  4    Str: 17    XL:     4   Next: 46%
Magic:  1/4        EV: 13    Int: 11    God:    Yredelemnul [**....]
Gold:   100        SH:  0    Dex: 16    Spells: 0 memorised, 3 levels left

rFire  . . .     SeeInvis .       - Unarmed
rCold  . . .     Clarity  +     a - +0 robe
rNeg   . . .     SustAt   .     (no shield)
rPois  +         Gourm    .     (no helmet)
rElec  .         Spirit   .     o - +1 cloak
rCorr  .         Warding  .     (no gloves)
rMut   .         Stasis   .     (no boots)
MR     .....                    e - amulet of clarity
Stlth  ++........               p - ring of poison resistance
                                l - +3 ring of strength

@: non-regenerating, not resistant to hostile enchantments, unstealthy
A: damage resistance, recharge devices, sense surroundings 1, slow regeneration
3
a: Device Recharging, Animate Remains, Recall Undead Slaves, Injury Mirror,
Renounce Religion


You were on level 3 of the Dungeon.
You worshipped Yredelemnul.
Yredelemnul was pleased with you.
You were not hungry.

You visited 1 branch of the dungeon, and saw 3 of its levels.

You collected 100 gold pieces.

Inventory:

Armour
 a - a +0 robe (worn)
 o - a +1 cloak (worn)
Jewellery
 e - an amulet of clarity (around neck)
 l - a +3 ring of strength (left hand)
 p - a ring of poison resistance (right hand)
Wands
 b - a wand of heal wounds (3)
Scrolls
 d - 3 scrolls of noise
 m - a scroll of identify
Potions
 f - a potion of curing
 k - a potion of flight {unknown}
 n - a potion of degeneration {unknown}
Comestibles
 c - 3 bread rations
 g - 2 meat rations
 i - a slice of pizza
 j - 5 fruits


   Skills:
 + Level 3.3 Fighting
 + Level 2.1 Armour
 - Level 3.2 Dodging
 - Level 2.4 Stealth
 * Level 4.3 Unarmed Combat
 + Level 0.3 Invocations
 - Level 1.5 Evocations


You had 3 spell levels left.
You didn't know any spells.

Dungeon Overview and Level Annotations

Branches:
Dungeon (3/15)

Altars:
Kikubaaqudgha
Yredelemnul


Innate Abilities, Weirdness & Mutations

You are resistant to damage.
You can recharge devices by infusing magical energy.
You passively map a small area around you.
You do not regenerate naturally.


Message History

Something hits you but does no damage.
The orc priest hits you with a hand axe!
The orc completely misses you.
ATTACK MOVE TO (-1,-1)
You hit the orc.
The orc is almost dead.
Something hits you. The orc barely misses you.
The orc priest calls down the wrath of Beogh upon you.
Something smites you!
You hear some strange, mumbled words.
A puff of frost appears from out of thin air!
The puff of frost hits you! The orc hits you with a flail.
Charge which item? (? for menu, Esc to quit)
You don't have any such object.
Charge which item? (? for menu, Esc to quit)
Your wand of heal wounds (0) glows for a moment and now has 3 charges.
The orc barely misses you. Something hits you but does no damage.
The orc priest hits you with a hand axe!
You die...
Your body rises from the dead as a mindless zombie.

................#.#.#
#######.#..#.#.##.#.#
....#.#..#.#....#.#
....#.#..#.######.######
*
#........#.#............
#..........#........####
#.......####........# *
#.....o!............#
#.....og####........#
#.....o.# #........#
#......o# #........#
#.......# #........#
#.......# #.#######
,#.......# #.# ........#
*.# .........
########### ,
,#..........


You could see an orc priest and 3 orcs.

Table legend:
 A = Turns spent in this place as a percentage of turns spent in the entire game.
 B = Non-inter-level travel turns spent in this place as a percentage of non-inter-level travel turns spent in the entire game.
 C = Inter-level travel turns spent in this place as a percentage of turns spent in this place.
 D = Turns resting spent in this place as a percentage of non-inter-level travel turns spent in this place.
 E = Turns spent auto-exploring this place as a percentage of non-inter-level travel turns spent in this place.
 F = Non-inter-level travel turns spent in this place divided by the number of levels of this place that you've seen.
                   A       B       C       D       E      F
               +-------+-------+-------+-------+-------+----------------------
         Total | 100.0 | 100.0 |   0.6 |   0.0 |   2.0 | 1534.0
       Dungeon | 100.0 | 100.0 |   0.6 |   0.0 |   2.0 | 1534.0
               +-------+-------+-------+-------+-------+----------------------

Table legend:
 A = Kills in this place as a percentage of kills in entire the game.
 B = Kills by you in this place as a percentage of kills by you in the entire game.
 C = Kills by friends in this place as a percentage of kills by friends in the entire game.
 D = Other kills in this place as a percentage of other kills in the entire game.
 E = Experience gained in this place as a percentage of experience gained in the entire game.
 F = Experience gained in this place divided by the number of levels of this place that you have seen.
                   A       B       C       D       E      F
               +-------+-------+-------+-------+-------+----------------------
         Total | 100.0 | 100.0 |  -nan |  -nan | 100.0 |  47.7
       Dungeon | 100.0 | 100.0 |  -nan |  -nan | 100.0 |  47.7
               +-------+-------+-------+-------+-------+----------------------

Vanquished Creatures
  Natasha (thrice) (D:2)
  An adder (D:2)
  2 worms (D:3)
  2 giant geckos
  3 giant cockroaches
  5 hobgoblins
  2 quokkas
  6 bats
  4 goblins
  10 jackals
  6 kobolds
  6 rats
50 creatures vanquished.

Vanquished Creatures (others)
  2 jackal zombies (D:3)
2 creatures vanquished.

Grand Total: 52 creatures vanquished

Notes
Turn   | Place    | Note
--------------------------------------------------------------
     0 | D:1      | gw the Deep Dwarf Monk began the quest for the Orb.
     0 | D:1      | Reached XP level 1. HP: 20/20 MP: 1/1
   252 | D:1      | Reached XP level 2. HP: 25/27 MP: 2/2
   691 | D:2      | Reached skill level 1 in Armour
   747 | D:2      | Found an ancient bone altar of Kikubaaqudgha.
   804 | D:2      | Noticed Natasha
   812 | D:2      | Killed Natasha
   812 | D:2      | Reached skill level 4 in Unarmed Combat
   812 | D:2      | Reached skill level 1 in Evocations
   812 | D:2      | Reached XP level 3. HP: 26/34 MP: 3/3
  1019 | D:2      | Reached XP level 4. HP: 23/42 MP: 3/5
  1132 | D:2      | Noticed Natasha
  1146 | D:2      | Killed Natasha
  1194 | D:2      | Noticed Natasha
  1197 | D:2      | Killed Natasha
  1205 | D:2      | Found a basalt altar of Yredelemnul.
  1223 | D:2      | Became a worshipper of Yredelemnul the Dark
  1223 | D:2      | Reached * piety under Yredelemnul
  1223 | D:2      | Reached ** piety under Yredelemnul
  1813 | D:3      | Slain by an orc priest

Action                   |  1- 3 |  4- 6 || total
-------------------------+-------+-------++-------
Melee: Unarmed           |   129 |    84 ||   213
Invok: Animate Remains   |       |    11 ||    11
       Recall Undead Sla |       |     2 ||     2
 Abil: Device Recharging |       |     1 ||     1
Evoke: Wand              |     1 |     4 ||     5
  Use: Scroll            |     3 |     3 ||     6
       Potion            |       |     2 ||     2
 Stab: Sleeping          |     3 |     2 ||     5
  Eat: Chunk             |     1 |     3 ||     4

Vault maps used:
D:1:      kilobyte_arrival_exit_the_forest
D:2:      old_standard_altar, lemuel_round_altar, st_stairs_10, uniq_natasha
D:3:      uniq_sigmund
